 Dungeon Crawl Stone Soup version 0.30.1-9-gdf580d7c3d (webtiles) character file.

Game seed: 10842656118706499686

264369 Anriel the Crack Shot (level 19, -6/112 HPs)
             Began as a Deep Elf Hunter on Oct 23, 2023.
             Was the Champion of Okawaru.
             Mangled by a +3 trident of freezing (9 damage)
             ... on level 3 of the Elven Halls on Oct 24, 2023.
             The game lasted 03:45:54 (30018 turns).

Anriel the Crack Shot (Deep Elf Hunter)            Turns: 30018, Time: 03:45:55

Health: -6/112     AC: 26    Str:  6    XL:     19   Next: 27%
Magic:  26/31      EV: 32    Int: 19    God:    Okawaru [******]
Gold:   2396       SH:  0    Dex: 30    Spells: 12/32 levels left

rFire   . . .        W - +1 triple crossbow (elec)
rCold   + + .        (shield currently unavailable)
rNeg    . . .        z - +5 steam dragon scales
rPois   +            n - +2 helmet
rElec   +            x - +2 cloak {rPois}
rCorr   .            V - +2 pair of gloves
SInv    .            c - +2 pair of boots
Will    ++...        Z - amulet "Wobun" {rElec rC++ Regen+ Str-2 Int+2}
Stlth   ++++         q - ring of willpower
HPRegen 1.18/turn    R - +6 ring of dexterity
MPRegen 0.22/turn

%: no passive effects
@: about to teleport, finesse-ful, studying Necromancy
A: no striking features
}: 2/15 runes: decaying, serpentine
a: Renounce Religion, Heroism, Finesse, Duel


You were on level 3 of the Elven Halls.
You worshipped Okawaru.
Okawaru was exalted by your worship.
You visited 7 branches of the dungeon, and saw 34 of its levels.
You visited 1 bazaar.

You collected 4562 gold pieces.
You spent 2166 gold pieces at shops.

Inventory:

Hand Weapons
 a - a +5 longbow of draining
 u - a +1 heavy hand crossbow
 W - a +1 triple crossbow of electrocution (weapon)
Missiles
 o - 4 throwing nets
Armour
 c - a +2 pair of boots (worn)
 j - the +0 hat of the Goldsmith {Regen+}
   (Okawaru gifted it to you on level 1 of the Elven Halls)

   Regen:     It increases your rate of health regeneration.
 m - a scarf of resistance
 n - a +2 helmet (worn)
 x - a +2 cloak of poison resistance (worn)
 z - +5 steam dragon scales (worn)
 M - a +2 kite shield of reflection
 P - the +0 scale mail "Fefovih" {Str+2 Int+3}
   (Okawaru gifted it to you on level 2 of the Elven Halls)

   Str:       It affects your strength (+2).
   Int:       It affects your intelligence (+3).
 V - a +2 pair of gloves (worn)
Jewellery
 d - an amulet of reflection
 g - a +6 ring of intelligence
 p - a +5 ring of evasion
 q - a ring of willpower (left hand)
 v - a ring of protection from cold
 F - a ring of positive energy
 H - a +4 ring of protection
 J - a ring of flight
 L - a ring of see invisible
 R - a +6 ring of dexterity (right hand)
 Z - the amulet "Wobun" (around neck) {rElec rC++ Regen+ Str-2 Int+2}
   (You bought it in a shop in a bazaar)

   [amulet of regeneration]

   Str:       It affects your strength (-2).
   Int:       It affects your intelligence (+2).
   rC:        It greatly protects you from cold.
   rElec:     It insulates you from electricity.
   Regen:     It increases your rate of health regeneration.
Wands
 h - a wand of quicksilver (36)
 w - a wand of flame (49)
 C - a wand of polymorph (2)
 K - a wand of iceblast (34)
 O - a wand of mindburst (11)
 U - a wand of digging (7)
Scrolls
 b - 3 scrolls of immolation
 i - 4 scrolls of teleportation
 l - 5 scrolls of magic mapping
 t - 7 scrolls of poison
 y - 2 scrolls of silence
 A - 2 scrolls of fear
 G - 3 scrolls of enchant weapon
 Y - 5 scrolls of fog
Potions
 f - 7 potions of magic
 k - 11 potions of curing
 s - 2 potions of invisibility
 B - a potion of resistance
 E - 2 potions of cancellation
 I - 7 potions of ambrosia
 N - 4 potions of haste
Miscellaneous
 r - a phial of floods
 D - a lightning rod (4/4)
 T - a condenser vane


   Skills:
 - Level 10.0 Fighting
 - Level 26.0 Ranged Weapons
 - Level 10.0 Armour
 - Level 18.0 Dodging
 - Level 5.0 Stealth
 * Level 6.7 Shields
 + Level 7.1 Spellcasting
 + Level 9.4 Hexes
 - Level 8.0 Translocations
 - Level 5.0 Fire Magic
 - Level 5.0 Ice Magic
 - Level 10.0 Invocations
 - Level 10.0 Evocations


You had 12 spell levels left.
You knew the following spells:

 Your Spells              Type           Power      Damage    Failure   Level
a - Ensorcelled Hibernat  Hex/Ice        68%        N/A       1%          2
b - Volatile Blastmotes   Fire/Tloc      62%        2d15      1%          3
c - Inner Flame           Hex/Fire       34%        N/A       1%          3
d - Cause Fear            Hex            21%        N/A       1%          4
e - Teleport Other        Tloc           37%        N/A       1%          3
f - Portal Projectile     Hex/Tloc       78%        N/A       1%          3
g - Blink                 Tloc           74%        N/A       1%          2

Your spell library contained the following spells:

 Spells                   Type           Power      Damage    Failure   Level
 Apportation              Tloc           74%        N/A       1%          1
 Lesser Beckoning         Tloc           74%        N/A       1%          2
 Gell's Gravitas          Tloc           37%        N/A       1%          3
 Momentum Strike          Conj/Tloc      42%        3d9       3%          2
 Magic Dart               Conj           24%        1d4       10%         1
 Necrotise                Necr           24%        1d5       10%         1
 Sting                    Tmut/Pois      24%        1d4       10%         1
 Anguish                  Hex/Necr       12%        N/A       14%         4
 Fulminant Prism          Conj/Hex       12%        3d9       14%         4
 Leda's Liquefaction      Hex/Erth       12%        N/A       14%         4
 Metabolic Englaciation   Hex/Ice        17%        N/A       14%         5
 Poisonous Vapours        Pois/Air       12%        N/A       16%         2
 Searing Ray              Conj           12%        2d4       16%         2
 Iskenderun's Mystic Bla  Conj/Tloc      21%        2d6       19%         4
 Spider Form              Tmut/Pois      6%         N/A       30%         3
 Yara's Violent Unravell  Hex/Tmut       12%        3d7       36%         5
 Olgreb's Toxic Radiance  Pois           6%         N/A       69%         4
 Petrify                  Tmut/Erth      6%         N/A       69%         4
 Enfeeble                 Hex            21%        N/A       86%         7
 Blade Hands              Tmut           3%         N/A       95%         5
 Irradiate                Conj/Tmut      3%         3d12      95%         5
 Iskenderun's Battlesphe  Conj           6%         2d6       95%         5
 Lee's Rapid Deconstruct  Erth           3%         3d5*      95%         5
 Iron Shot                Conj/Erth      3%         9d2       100%        6
 Statue Form              Tmut/Erth      4%         N/A       100%        6
 Dragon Form              Tmut           3%         N/A       100%        7
 Ozocubu's Refrigeration  Ice            12%        4d10      100%        7
 Polar Vortex             Ice            12%        N/A       100%        9
 Summon Guardian Golem    Hex/Summ       Unusable   N/A       N/A         3
 Summon Small Mammal      Summ           Unusable   N/A       N/A         1
 Call Canine Familiar     Summ           Unusable   N/A       N/A         3
 Simulacrum               Ice/Necr       Unusable   N/A       N/A         6
 Spellforged Servitor     Conj/Summ      Unusable   N/A       N/A         7
 Dragon's Call            Summ           Unusable   N/A       N/A         9

Dungeon Overview and Level Annotations

Branches:
Dungeon (15/15)            Temple (1/1) D:5            Lair (5/5) D:11
  Swamp (4/4) Lair:2        Snake (4/4) Lair:2        Slime (0/5) Lair:4
    Orc (2/2) D:12            Elf (3/3) Orc:2        Vaults (0/5) D:13
 Depths (0/4) D:15

Altars:
Ashenzari
Cheibriados
Dithmenos
Elyvilon
Fedhas
Gozag
Hepliaklqana
Kikubaaqudgha
Makhleb
Nemelex Xobeh
Okawaru
Qazlal
Ru
Sif Muna
Trog
Uskayaw
Vehumet
Wu Jian
Xom
Yredelemnul
Zin
The Shining One
Jiyva

Shops:
D:8 ?   Orc:2 (![*:   Snake:4 *

Annotations:
Elf:2 3 runed translucent doors


Message History

The shard of ice hits you! You partially resist.
* * * LOW HITPOINT WARNING * * *
The +3 trident of freezing misses you.
Some walls begin to move on their own!
A deep elf master archer comes into view.
Casting: Blink (safe; 1% risk of failure)
Confirm with . or Enter, or press ? or * to list all spells.
You blink.
A deep elf elementalist and a deep elf master archer come into view.
The +3 trident of freezing barely misses you.
A deep elf elementalist comes into view.
It is wielding a +0 short sword.
The deep elf death mage weeps quietly.
The deep elf pyromancer completely misses you.
The +3 trident of freezing misses you.
You feel better.
The deep elf elementalist hits you but does no damage.
The +3 trident of freezing hits you but does no damage.
The deep elf death mage attempts to regain its composure.
You hear some strange, mumbled words.
The deep elf pyromancer casts a spell at you.
The bolt of fire hits you!
* * * LOW HITPOINT WARNING * * *
You feel better.
The sentinel's mark upon you fades away.
You feel stable enough to blink again.
The earth elemental disappears in a puff of smoke!
Something closely misses you.
The deep elf elementalist closely misses you.
The +3 trident of freezing barely misses you.
The deep elf elementalist points at itself and mumbles some strange words.
Some walls begin to move on their own!
Something hits you but does no damage. Something misses you.
The deep elf elementalist closely misses you.
The +3 trident of freezing completely misses you.
The earth elemental completely misses you.
As you read the scroll of teleportation, it crumbles to dust.
You feel strangely unstable. Something barely misses you. Something hits you.
* * * LOW HITPOINT WARNING * * *
The deep elf elementalist hits you but does no damage.
The +3 trident of freezing hits you from afar!
You die...

..........# #.....
.......... #.....
......... #.....
........## ##....
#....#### #'###
#..E..§.# #.#
#.)E(EE§## ####.###
#.e..EEE.####.......
#..@eE§E☼'.......###
#...EeE.E)....#.##
#..^.E..E.#####.#
#...*e*.eeE #.#
#...e.EEE.# ###'####
#####.3E..###.......
#.e.eE.#....)...
###.##.######### ).


You could see 2 deep elf master archers, 2 deep elf death magi, a deep elf
sorcerer (fast, inner flame), 3 deep elf elementalists, 20 earth elementals, a
deep elf pyromancer (inner flame), a sixfirhy (summoned), 2 lost souls and a +3
trident of freezing.

Vanquished Creatures
  Rupert (Lair:4)
  Mlioglotl (Swamp:2)
  Asterion (Elf:1)
  Jorgrun (Swamp:1)
  The ghost of zfabert001 the Stormcaller, an adept TeAE of Vehumet (Elf:2)
  2 deep elf blademasters (Elf:3)
  2 acid blobs (Elf:2)
  Gastronok (D:8)
  3 thorn hunters
  Donald (Swamp:4)
  18 nagarajas
  2 fenstrider witches
  A rockslime (Elf:2)
  A deep elf sorcerer (Elf:1)
  Aizul (Swamp:1)
  A deep elf elementalist (Elf:2)
  2 ghouls (Swamp:4)
  An ironbound preserver (D:13)
  The ghost of barcode the Basher, a journeyman OpHu of Gozag (Lair:5)
  7 eleionomae
  Azrael (D:12)
  3 bunyips
  2 deep elf annihilators (Elf:3)
  2 deep elf death magi (Elf:1)
  Snorg (Lair:4)
  Josephine (Lair:3)
  An ice dragon (D:12)
  Fannar (Lair:3)
  A shambling mangrove (Swamp:3)
  20 hydras
  An ogre mage (D:11)
  A ghost crab (Swamp:2)
  4 centaur warriors
  4 boulder beetles
  2 catoblepae
  A merfolk avatar (Lair:5)
  8 anacondas
  17 dancing weapons
  3 two-headed ogres
  9 alligators
  21 naga warriors
  A death yak (D:12)
  2 vampire magi
  2 tengu warriors
  10 shock serpents
  4 orc high priests
  13 naga sharpshooters
  9 deep elf knights
  4 spriggans
  A skyshark (Lair:5)
  7 skeletal warriors
  4 salamander mystics
  A death drake (Swamp:3)
  2 goliath frogs
  8 sea snakes
  A storm dragon skeleton (D:15)
  10 swamp dragons
  4 spriggan druids
  6 bog bodies
  4 lindwurms
  5 naga ritualists
  3 mana vipers
  A tengu skeleton (D:15)
  A harpy (Lair:5)
  19 deep elf zephyrmancers
  6 deep elf archers
  A necromancer (D:15)
  7 orc knights
  5 orc sorcerers
  A stone giant zombie (D:15)
  29 deep elf pyromancers
  3 manticores
  A will-o-the-wisp (Swamp:4)
  9 ugly things
  19 salamanders
  8 guardian serpents
  An oklob plant (Lair:3)
  3 eyes of devastation (Elf:2)
  Joseph (D:9)
  32 black mambas
  8 cyclopes
  14 naga magi
  An ice statue (D:12)
  5 elephants
  A black mamba (shapeshifter) (D:13)
  Maurice (D:9)
  2 gargoyles
  A stone giant skeleton (D:15)
  11 cane toads
  2 unseen horrors
  Maggie (D:8)
  8 rime drakes
  7 komodo dragons
  2 kobold demonologists
  An ice devil (D:12)
  Psyche (D:12)
  A freezing wraith (D:14)
  5 yaktaurs (D:13)
  3 tengu conjurers
  A meliai (shapeshifter) (D:13)
  A queen bee (D:11)
  12 trolls
  7 hornets
  A wind drake (Lair:5)
  8 tyrant leeches
  11 polar bears
  13 blink frogs
  A hornet (shapeshifter) (Elf:3)
  4 dream sheep (Lair:3)
  7 slime creatures
  3 snapping turtles (Lair:5)
  A blink frog (shapeshifter) (D:15)
  2 air elementals
  A spriggan (shapeshifter) (Elf:1)
  9 wraiths
  2 shadows (D:11)
  9 fire elementals
  6 wyverns
  A golden eye (shapeshifter) (D:11)
  37 yaks
  3 basilisks
  4 steam dragons
  19 vampire mosquitoes
  A redback (shapeshifter) (D:11)
  A catoblepas simulacrum (Lair:5)
  39 nagas
  13 swamp worms
  14 water moccasins
  3 wargs (Orc:1)
  3 acid dragons
  A hydra simulacrum (Lair:5)
  2 hell hounds (D:12)
  9 swamp drakes
  23 orc warriors
  A black mamba simulacrum (Lair:5)
  9 ogres
  9 wolves
  A phantom (D:6)
  7 centaurs
  9 kobold brigands
  Blork the orc (D:5)
  11 bullfrogs
  A gnoll sergeant (D:11)
  3 scorpions
  4 earth elementals
  An entropy weaver simulacrum (D:12)
  2 cane toad simulacra (Lair:5)
  4 wights (D:9)
  36 killer bees
  8 electric eels (Snake:2)
  3 howler monkeys
  A fire crab simulacrum (Lair:5)
  3 lava snakes
  5 hounds
  7 jellies
  19 orc priests
  Crazy Yiuf (D:5)
  A gnoll bouda (D:8)
  Jessica (D:3)
  3 sleepcaps
  Terence (D:3)
  6 iguanas
  16 orc wizards
  A troll simulacrum (D:12)
  Robin (D:3)
  10 adders
  6 gnolls
  3 shadow imps
  A white imp (D:8)
  An ufetubus (D:6)
  2 worms (D:2)
  2 dart slugs
  61 orcs
  20 endoplasms
  2 giant cockroaches
  18 goblins
  8 hobgoblins
  5 jackals
  3 quokkas
  5 ball pythons
  4 bats
  2 frilled lizards (D:2)
  43 kobolds
  7 kobold skeletons (D:10)
  11 kobold zombies (D:10)
  3 rats
  A rat zombie (D:4)
1142 creatures vanquished.

Vanquished Creatures (others)
  A deep elf zephyrmancer (Elf:1)
  A tyrant leech (Swamp:4)
  A dart slug (D:3)
3 creatures vanquished.

Grand Total: 1145 creatures vanquished

Notes
Turn   | Place    | Note
-------+----------+-------------------------------------------
     0 | D:1      | Anriel the Deep Elf Hunter began the quest for the Orb.
     0 | D:1      | Reached XP level 1. HP: 12/12 MP: 3/3
   410 | D:1      | Reached XP level 2. HP: 14/17 MP: 4/4
  1067 | D:2      | Reached XP level 3. HP: 21/21 MP: 5/5
  1133 | D:2      | Found a snail-covered altar of Cheibriados.
  1154 | D:2      | Reached skill level 6 in Ranged Weapons
  1242 | D:2      | Reached XP level 4. HP: 26/26 MP: 6/6
  1589 | D:3      | Found a sacrificial altar of Ru.
  1724 | D:3      | Found a stormy altar of Qazlal.
  1724 | D:3      | Noticed Jessica
  1726 | D:3      | Killed Jessica
  1758 | D:3      | Reached XP level 5. HP: 28/31 MP: 7/7
  1785 | D:3      | Noticed Robin
  1791 | D:3      | Killed Robin
  1886 | D:3      | Noticed Terence
  1968 | D:3      | Found a hide-covered altar of Uskayaw.
  1989 | D:3      | Learned a level 2 spell: Ensorcelled Hibernation
  2102 | D:3      | Killed Terence
  2205 | D:4      | Found a burning altar of Makhleb.
  2208 | D:4      | Noticed an ogre
  2382 | D:4      | HP: 1/48 [iguana (8)]
  2385 | D:4      | Reached XP level 6. HP: 15/37 MP: 8/8
  2864 | D:4      | Reached skill level 5 in Dodging
  2864 | D:4      | Reached XP level 7. HP: 39/43 MP: 9/9
  3318 | D:4      | Found an ancient bone altar of Kikubaaqudgha.
  3359 | D:5      | Entered Level 5 of the Dungeon
  3359 | D:5      | Noticed Blork the orc
  3359 | D:5      | Found a staircase to the Ecumenical Temple.
  3363 | D:5      | Killed Blork the orc
  3364 | D:5      | Reached skill level 5 in Stealth
  3386 | D:5      | Reached skill level 1 in Armour
  3399 | Temple   | Entered the Ecumenical Temple
  3427 | Temple   | Became a worshipper of Warmaster Okawaru
  3814 | D:5      | Found a runed translucent door.
  3815 | D:5      | Noticed Crazy Yiuf
  3822 | D:5      | Killed Crazy Yiuf
  3884 | D:5      | Reached skill level 7 in Ranged Weapons
  3923 | D:5      | Reached XP level 8. HP: 48/48 MP: 10/10
  3926 | D:5      | Reached * piety under Okawaru
  3927 | D:5      | Reached skill level 5 in Fighting
  4041 | D:5      | Found a shimmering altar of Xom.
  4074 | D:5      | Reached skill level 1 in Invocations
  4333 | D:6      | Found a broken altar of Ashenzari.
  4879 | D:7      | Reached skill level 8 in Ranged Weapons
  5441 | D:7      | Reached ** piety under Okawaru
  5442 | D:7      | Reached skill level 5 in Armour
  5634 | D:8      | Noticed Gastronok
  5655 | D:9      | Reached skill level 1 in Spellcasting
  5655 | D:9      | Reached XP level 9. HP: 44/54 MP: 13/13
  5881 | D:9      | Noticed Maurice
  5894 | D:9      | Killed Maurice
  5895 | D:9      | Reached skill level 9 in Ranged Weapons
  5992 | D:9      | Noticed a two-headed ogre
  6015 | D:9      | Killed a two-headed ogre
  6016 | D:9      | Reached skill level 10 in Ranged Weapons
  6016 | D:9      | Reached skill level 5 in Spellcasting
  6099 | D:9      | Reached *** piety under Okawaru
  6100 | D:9      | Reached skill level 1 in Hexes
  6100 | D:9      | Reached skill level 5 in Invocations
  6116 | D:9      | Reached skill level 1 in Evocations
  6351 | D:9      | Noticed Joseph
  6368 | D:9      | Killed Joseph
  6369 | D:9      | Reached skill level 5 in Hexes
  6369 | D:9      | Reached XP level 10. HP: 59/59 MP: 16/19
  6430 | D:9      | Reached **** piety under Okawaru
  6529 | D:9      | Reached skill level 1 in Ice Magic
  6785 | D:8      | Found Adavegu's Magic Scroll Shoppe.
  6791 | D:8      | Bought a scroll of poison for 56 gold pieces
  6791 | D:8      | Bought a scroll of enchant armour for 105 gold pieces
  6791 | D:8      | Bought a scroll of noise for 14 gold pieces
  6791 | D:8      | Bought a scroll of identify for 28 gold pieces
  6865 | D:8      | Found a bloodstained altar of Trog.
  6916 | D:8      | Reached skill level 11 in Ranged Weapons
  6945 | D:8      | Killed Gastronok
  6945 | D:8      | Received a gift from Okawaru
  7024 | D:8      | Identified 3 scrolls of acquirement
  7024 | D:8      | Acquired 1092 gold pieces
  7030 | D:8      | Acquired a +4 longbow of draining
  7034 | D:8      | Acquired the +5 shortbow "Hydouwac" {freeze, rC+}
  7070 | D:8      | Reached skill level 5 in Ice Magic
  7151 | D:8      | Noticed Maggie
  7155 | D:8      | Killed Maggie
  7155 | D:8      | Reached ***** piety under Okawaru
  7156 | D:8      | Reached skill level 12 in Ranged Weapons
  7156 | D:8      | Reached skill level 5 in Evocations
  7233 | D:8      | Bought a scroll of fear for 56 gold pieces
  7233 | D:8      | Bought a scroll of fear for 56 gold pieces
  7403 | D:10     | Entered Level 10 of the Dungeon
  7438 | D:10     | Noticed a gargoyle
  7484 | D:10     | Killed a gargoyle
  7540 | D:10     | Reached XP level 11. HP: 57/63 MP: 20/20
  7554 | D:10     | Found an ornate altar of the Wu Jian Council.
  7554 | D:10     | Found a glowing silver altar of Zin.
  7659 | D:10     | Found a snail-covered altar of Cheibriados.
  7794 | D:10     | Reached skill level 13 in Ranged Weapons
  7940 | D:10     | Found an ancient bone altar of Kikubaaqudgha.
  8250 | D:11     | Identified the +0 ring mail "Tuerim" {rC- rN+ rCorr Int+5
                  | Dex-2} (Okawaru gifted it to you on level 11 of the
                  | Dungeon)
  8250 | D:11     | Received a gift from Okawaru
  8252 | D:11     | Noticed a boulder beetle
  8345 | D:11     | Killed a boulder beetle
  8390 | D:11     | Reached skill level 14 in Ranged Weapons
  8408 | D:11     | Noticed a deep elf pyromancer
  8410 | D:11     | Killed a deep elf pyromancer
  8622 | D:11     | Noticed an ogre mage
  8639 | D:11     | Noticed a catoblepas
  8652 | D:11     | Killed a catoblepas
  8657 | D:11     | Reached skill level 15 in Ranged Weapons
  8665 | D:11     | Killed an ogre mage
  8789 | D:11     | Found an opulent altar of Gozag.
  8847 | D:11     | Reached XP level 12. HP: 68/68 MP: 21/21
  8859 | D:11     | Received a gift from Okawaru
  8913 | D:11     | Noticed a boulder beetle
  8933 | D:11     | Killed a boulder beetle
  8950 | D:11     | Found a staircase to the Lair.
  9309 | D:12     | Noticed Psyche
  9313 | D:12     | Killed Psyche
  9314 | D:12     | Reached skill level 16 in Ranged Weapons
  9479 | D:12     | Noticed an ice dragon
  9507 | D:12     | Killed an ice dragon
  9514 | D:12     | Noticed a death yak
  9519 | D:12     | Killed a death yak
  9535 | D:12     | Received a gift from Okawaru
  9535 | D:12     | Found the +3 pair of seven-league boots {Rampage+∞}
  9583 | D:12     | Reached skill level 17 in Ranged Weapons
  9738 | D:12     | Noticed a boulder beetle
  9751 | D:12     | Killed a boulder beetle
  9795 | D:12     | Noticed a two-headed ogre
  9806 | D:12     | Killed a two-headed ogre
  9807 | D:12     | Reached skill level 10 in Dodging
  9885 | D:12     | Noticed Azrael
  9908 | D:12     | Killed Azrael
 10118 | D:12     | Reached skill level 18 in Ranged Weapons
 10118 | D:12     | Reached skill level 10 in Invocations
 10231 | D:12     | Found a staircase to the Orcish Mines.
 10296 | D:12     | Reached XP level 13. HP: 65/72 MP: 22/22
 10703 | D:13     | Noticed an ironbound preserver
 10716 | D:13     | Killed an ironbound preserver
 10752 | D:13     | Found a gate to the Vaults.
 10870 | D:13     | Found a hazy altar of Hepliaklqana.
 11390 | D:14     | Identified the +1 buckler "Yqyfreor" {rF+} (Okawaru gifted
                  | it to you on level 14 of the Dungeon)
 11390 | D:14     | Received a gift from Okawaru
 11392 | D:14     | Found a radiant altar of Vehumet.
 11592 | D:14     | Identified the +0 ring mail of Koxus {Stlth+}
 11952 | D:14     | Reached skill level 19 in Ranged Weapons
 12180 | D:15     | Entered Level 15 of the Dungeon
 12288 | D:15     | Reached XP level 14. HP: 82/82 MP: 23/23
 12566 | D:15     | Found an ornate altar of the Wu Jian Council.
 12648 | D:15     | Found a staircase to the Depths.
 12696 | D:15     | Identified the +2 robe of Immorality {rElec rPois Will-
                  | Dex+2} (Okawaru gifted it to you on level 15 of the
                  | Dungeon)
 12696 | D:15     | Received a gift from Okawaru
 13050 | Lair:1   | Entered Level 1 of the Lair of Beasts
 13158 | Lair:1   | Reached ****** piety under Okawaru
 13580 | Lair:1   | Reached skill level 20 in Ranged Weapons
 13718 | Lair:1   | You fall into a shaft and drop 1 floor!
 13805 | Lair:2   | Found a staircase to the Snake Pit.
 13911 | Lair:2   | Learned a level 3 spell: Volatile Blastmotes
 14000 | Lair:2   | Found a staircase to the Swamp.
 14133 | Lair:2   | Reached skill level 1 in Translocations
 14133 | Lair:2   | Reached skill level 1 in Fire Magic
 14311 | Lair:2   | Found a bloodstained altar of Trog.
 14983 | Lair:3   | Noticed Josephine
 15009 | Lair:3   | Killed Josephine
 15131 | Lair:3   | Noticed Fannar
 15139 | Lair:3   | Killed Fannar
 15554 | Lair:3   | Received a gift from Okawaru
 15923 | Lair:4   | Noticed Rupert
 15942 | Lair:4   | Noticed Snorg
 15954 | Lair:4   | Killed Rupert
 15963 | Lair:4   | Killed Snorg
 15964 | Lair:4   | Reached XP level 15. HP: 69/86 MP: 19/24
 16192 | Lair:4   | Found a viscous altar of Jiyva.
 16213 | Lair:4   | Found a staircase to the Slime Pits.
 16582 | Lair:5   | Entered Level 5 of the Lair of Beasts
 16657 | Lair:5   | Reached skill level 21 in Ranged Weapons
 16684 | Lair:5   | Learned a level 3 spell: Inner Flame
 16689 | Lair:5   | Learned a level 4 spell: Cause Fear
 16693 | Lair:5   | Learned a level 3 spell: Teleport Other
 16731 | Lair:5   | Reached skill level 5 in Fire Magic
 16735 | Lair:5   | Reached skill level 5 in Translocations
 17013 | Lair:5   | Noticed barcode's ghost (journeyman OpHu)
 17050 | Lair:5   | Found a runed translucent gate.
 17050 | Lair:5   | Found a runed translucent gate.
 17050 | Lair:5   | Found a runed translucent gate.
 17559 | Lair:5   | Identified the +1 robe of Satisfaction {rN++} (Okawaru
                  | gifted it to you on level 5 of the Lair of Beasts)
 17559 | Lair:5   | Received a gift from Okawaru
 17586 | Lair:5   | Killed barcode's ghost
 17609 | Lair:5   | Got the ring "Sism" {Fire Drain rCorr Str+4 Dex+2}
 17953 | Orc:1    | Entered Level 1 of the Orcish Mines
 18343 | Orc:2    | Entered Level 2 of the Orcish Mines
 18524 | Orc:2    | Found Wyt Wal's General Store.
 18567 | Orc:2    | Found Wolyck's Armour Shoppe.
 18609 | Orc:2    | Found Ruotis's Distillery.
 18613 | Orc:2    | Found Podgh's Antique Weapon Boutique.
 18708 | Orc:2    | Bought a potion of resistance for 130 gold pieces
 18824 | Orc:2    | Found a staircase to the Elven Halls.
 18834 | Orc:2    | Found Wutouzoefi's Book Shop.
 19033 | Orc:2    | Bought a book of Spatial Translocations for 252 gold pieces
 19033 | Orc:2    | Bought a book of the Hunter for 364 gold pieces
 19037 | Orc:2    | Learned a level 3 spell: Portal Projectile
 19040 | Orc:2    | Learned a level 2 spell: Blink
 19204 | Swamp:1  | Entered Level 1 of the Swamp
 19448 | Swamp:1  | Noticed a thorn hunter
 19461 | Swamp:1  | Noticed Aizul
 19462 | Swamp:1  | Killed a thorn hunter
 19474 | Swamp:1  | Killed Aizul
 19514 | Swamp:1  | Reached skill level 22 in Ranged Weapons
 19517 | Swamp:1  | Noticed Jorgrun
 19537 | Swamp:1  | Killed Jorgrun
 19740 | Swamp:2  | Identified the +0 leather armour of Peni {Harm Str+3}
 19857 | Swamp:2  | Reached XP level 16. HP: 81/92 MP: 25/25
 19910 | Swamp:2  | Reached skill level 10 in Armour
 19961 | Swamp:2  | Received a gift from Okawaru
 20251 | Swamp:3  | Noticed Mlioglotl
 20255 | Swamp:3  | Noticed a tentacled starspawn
 20264 | Swamp:2  | Noticed a tentacled starspawn
 20270 | Swamp:2  | Killed Mlioglotl
 20856 | Swamp:4  | Entered Level 4 of the Swamp
 20878 | Swamp:4  | Received a gift from Okawaru
 20882 | Swamp:4  | Noticed Donald
 21194 | Swamp:4  | Reached skill level 15 in Dodging
 21315 | Swamp:4  | Killed Donald
 21345 | Swamp:4  | Received a gift from Okawaru
 21346 | Swamp:4  | Paralysed by a fenstrider witch for 3 turns
 21361 | Swamp:4  | Reached skill level 10 in Evocations
 21541 | Swamp:4  | Noticed a thorn hunter
 21551 | Swamp:4  | Killed a thorn hunter
 21572 | Swamp:4  | Got a decaying rune of Zot
 22074 | Swamp:4  | Identified the +7 quarterstaff "Jukelef" {protect, rPois
                  | Str+5}
 22231 | Swamp:4  | Noticed a thorn hunter
 22234 | Swamp:4  | Killed a thorn hunter
 22431 | Snake:1  | Entered Level 1 of the Snake Pit
 22595 | Snake:1  | Reached XP level 17. HP: 58/96 MP: 26/26
 22984 | Snake:1  | Reached skill level 23 in Ranged Weapons
 23818 | Snake:2  | Received a gift from Okawaru
 24098 | Snake:2  | Reached skill level 24 in Ranged Weapons
 24330 | Snake:2  | Received a gift from Okawaru
 25047 | Snake:3  | Found a flickering gateway to a bazaar.
 25059 | Bazaar   | Entered a bazaar
 25067 | Bazaar   | Found Xoyf's Magic Scroll Emporium.
 25067 | Bazaar   | Found Qolurofou's Jewellery Shoppe.
 25088 | Bazaar   | Bought a scroll of enchant armour for 105 gold pieces
 25090 | Bazaar   | Bought the amulet "Wobun" {rElec rC++ Regen+ Str-2 Int+2}
                  | for 738 gold pieces
 25225 | Snake:3  | Received a gift from Okawaru
 25250 | Snake:3  | Identified the +10 rapier of Zunuthyu {holy, Fragile rElec
                  | Dex+2}
 25334 | Snake:3  | Found an ornate altar of the Wu Jian Council.
 25338 | Snake:3  | Identified the +7 falchion "Mupsel" {holy, Int-2 SInv
                  | Stlth+}
 25439 | Snake:3  | Reached skill level 25 in Ranged Weapons
 26050 | Snake:4  | Entered Level 4 of the Snake Pit
 26447 | Snake:4  | Reached XP level 18. HP: 101/101 MP: 27/27
 26624 | Snake:4  | Found Imnegi's Assorted Antiques.
 26639 | Snake:4  | Bought a scroll of enchant armour for 262 gold pieces
 26674 | Snake:4  | Identified the +10 plate armour of Gallantry {rF+ rC+ rN+
                  | Str+2} (Okawaru gifted it to you on level 4 of the Snake
                  | Pit)
 26674 | Snake:4  | Received a gift from Okawaru
 26863 | Snake:4  | Reached skill level 26 in Ranged Weapons
 26907 | Snake:4  | Reached skill level 1 in Shields
 26985 | Snake:4  | Got a serpentine rune of Zot
 27878 | Elf:1    | Entered Level 1 of the Elven Halls
 27898 | Elf:1    | Noticed Asterion
 27913 | Elf:1    | Killed Asterion
 27930 | Elf:1    | Identified the +0 hat of the Goldsmith {Regen+} (Okawaru
                  | gifted it to you on level 1 of the Elven Halls)
 27930 | Elf:1    | Received a gift from Okawaru
 28398 | Elf:1    | Paralysed by an air elemental for 1 turns
 28400 | Elf:1    | Paralysed by an air elemental for 1 turns
 28982 | Elf:2    | Found a runed translucent gate.
 28983 | Elf:2    | Found a runed translucent gate.
 28983 | Elf:2    | Found a runed translucent gate.
 29030 | Elf:2    | Found a runed translucent gate.
 29030 | Elf:2    | Found a runed translucent gate.
 29030 | Elf:2    | Found a runed translucent gate.
 29045 | Elf:2    | Reached skill level 10 in Fighting
 29066 | Elf:2    | Found a viscous altar of Jiyva.
 29066 | Elf:2    | Noticed zfabert001's ghost (adept TeAE)
 29078 | Elf:2    | Found a radiant altar of Vehumet.
 29113 | Elf:2    | Reached skill level 5 in Shields
 29181 | Elf:2    | Identified the +0 scale mail "Fefovih" {Str+2 Int+3}
                  | (Okawaru gifted it to you on level 2 of the Elven Halls)
 29181 | Elf:2    | Received a gift from Okawaru
 29253 | Elf:2    | Reached XP level 19. HP: 112/112 MP: 29/29
 29630 | Elf:2    | Killed zfabert001's ghost
 29731 | Elf:3    | Entered Level 3 of the Elven Halls
 30014 | Elf:3    | HP: 5/112 [something/shard of ice (8)]
 30016 | Elf:3    | HP: 1/112 [deep elf pyromancer/bolt of fire (14)]
 30018 | Elf:3    | Mangled by a +3 trident of freezing

Illustrated notes

Levels and vault maps discovered:
D:1:      saegor_arrival_simple_a, layout_basic
D:2:      layout_basic, basic_altar, corexii_shack, minmay_goblin_outpost
D:3:      layout_rooms, lemuel_crystal_altar, nicolae_qazlal_general_emergency,
          nicolae_overflow_hidden_temple, nrook_campfire,
          nicolae_concentric_dashed_squares_mild, uniq_terence, uniq_jessica,
          uniq_robin
D:4:      layout_loops_corners, lemuel_zombie_altar_kikubaaqudgha,
          lemuel_doored_altar, kennysheep_pointless_box
D:5:      layout_rooms, lemuel_crystal_altar, temple_statues,
          uniq_crazy_yiuf_cottage, uniq_blork_the_orc
D:6:      layout_loops_ring, overflow_temple_1_default
D:7:      layout_loops_ring, grunt_decor_junction
D:8:      layout_cave_pools, lightli_temple_of_fire, serial_shops, shop,
          uniq_gastronok, uniq_maggie
D:9:      layout_irregular_city, grunt_decor_resistance,
          lemuel_flamethrower_hall, uniq_maurice, uniq_joseph
D:10:     wander_kiku_kobolds, layout_rooms, kennysheep_mini,
          amethyst_overflow_temple_binary
D:11:     regret_index_wax_grids, layout_basic, lair_entry_dummy,
          grunt_gozag_statues
D:12:     dreamdust_isle_of_ice, layout_basic, erik_orc_1, uniq_azrael,
          uniq_psyche
D:13:     layout_small_grid, skrybe_vaults_entry_preservation,
          minmay_misc_feat_rows, st_stairs_11, nzn_hepliaklqana_mist_gate
D:14:     layout_gridville, fiery_altar_vehumet
D:15:     gammafunk_depths_entry_grave, layout_cave_pools,
          nicolae_wu_jian_wuxing_cycle
Temple:   pf_slime_end_temple
Lair:1:   layout_small_grid, cheibrodos_lair_lostbears, serial_bayou_shore_a
Lair:2:   layout_cave_pods, minmay_swamp_entry_reptiles,
          nicolae_snake_entry_squirm, basic_altar, beast_lair_carwin_2
Lair:3:   lemuel_slime, layout_regular_city, uniq_josephine, uniq_fannar
Lair:4:   layout_concentric_octagons, slime_entry_1, serial_bayou_shore_b,
          uniq_rupert, uniq_snorg
Lair:5:   gammafunk_lair_ancient_temple, layout_regular_city,
          gammafunk_ghost_icy
Swamp:1:  layout_falls_marsh, evilmike_swamp_ruin_rubble_1, uniq_aizul,
          uniq_jorgrun
Swamp:2:  layout_basic_swamp, evilmike_swamp_ruin_wall
Swamp:3:  layout_basic_swamp, evilmike_swamp_ruin_house_1,
          infiniplex_staircase_pool, uniq_mlioglotl
Swamp:4:  swamp_alternative, layout_basic_swamp, cheibrodos_swamp_pet_leeches,
          uniq_donald
Snake:1:  layout_layer_cave, st_stairs_7, nicolae_integral_box,
          serial_bayou_shore_b
Snake:2:  layout_basic, nicolae_elevator_lobby_asterisk
Snake:3:  layout_rooms, serial_shops, bzr_firewalk, basic_altar
Snake:4:  grunt_snake_rune_spirals, layout_onion, serial_shops, shop
Orc:1:    layout_caves
Orc:2:    st_orc_elflike, layout_diamond_mine, serial_shops,
          nicolae_book_shop_shelving
Elf:1:    layout_geoelf_grid, minmay_elf_crystal_heptagon, uniq_asterion
Elf:2:    nicolae_elf_blades_crystal_corner, layout_gridlike, basic_altar,
          gammafunk_ghost_ooze
Elf:3:    grunt_elf_hall_branching, layout_gridlike

Skill      XL: |  1  2  3  4  5  6  7  8  9 10 11 12 13 14 15 16 17 18 19 |
---------------+----------------------------------------------------------+-----
Fighting       | 2 3 4 5 7 10 | 10.0
Stealth        | 2 3 4 5 |  5.0
Dodging        | 3 4 5 8 10 12 14 15 17 18 | 18.0
Ranged Weapons | 6 7 8 10 12 15 18 19 20 22 25 26 | 26.0
Armour         | 2 5 6 7 9 10 | 10.0
Invocations    | 3 5 7 10 | 10.0
Spellcasting   | 1 5 7 |  7.1
Hexes          | 5 8 9 |  9.4
Evocations     | 3 5 7 10 | 10.0
Ice Magic      | 5 |  5.0
Translocations | 4 5 8 |  8.0
Fire Magic     | 4 5 |  5.0
Shields        | 5 6 |  6.7

Action                     |  1- 3 |  4- 6 |  7- 9 | 10-12 | 13-15 | 16-18 | 19-21 || total
---------------------------+-------+-------+-------+-------+-------+-------+-------++-------
  Melee: Longbow           |       |       |       |       |     2 |       |       ||     2
   Fire: Shortbow          |    24 |   123 |   314 |   139 |       |       |       ||   600
         Arbalest          |    61 |    13 |       |       |   132 |    20 |       ||   226
         Longbow           |       |       |       |   557 |  1302 |   340 |       ||  2199
         Triple crossbow   |       |       |       |       |       |   903 |   147 ||  1050
   Cast: Ensorcelled Hiber |       |       |     1 |     2 |     8 |    11 |       ||    22
         Volatile Blastmot |       |       |       |       |     7 |       |       ||     7
         Inner Flame       |       |       |       |       |     1 |     7 |       ||     8
         Portal Projectile |       |       |       |       |       |    17 |     1 ||    18
         Blink             |       |       |       |       |       |     1 |     2 ||     3
 Invoke: Heroism           |       |       |     2 |     5 |     8 |     2 |     3 ||    20
         Finesse           |       |       |       |     5 |     8 |     2 |     3 ||    18
  Evoke: Lightning rod     |       |       |       |       |     3 |       |       ||     3
    Use: Scroll            |     5 |     5 |    11 |    13 |     8 |    12 |     5 ||    59
         Potion            |       |     4 |     1 |     3 |     5 |     6 |     2 ||    21
 Armour: Leather armour    |     8 |     2 |       |       |       |       |       ||    10
         Skin              |       |    16 |     4 |       |       |       |       ||    20
         Robe              |       |     7 |    25 |     2 |       |       |       ||    34
         Steam dragon scal |       |       |       |    59 |    97 |   134 |    24 ||   314
  Dodge: Dodged            |    25 |    27 |   159 |   296 |   500 |   801 |    81 ||  1889
